 Dungeon Crawl Stone Soup version 0.31-a0-145-g046c7d2549 (webtiles) character file.

Game seed: 8674349832695433218

7 Manisian the Ducker (level 2, 17/23 HPs)
             Began as a Djinni Gladiator on Nov 15, 2022.
             Quit the game on level 1 of the Dungeon on June 6, 2023.
             The game lasted 00:00:40 (171 turns).

Manisian the Ducker (Djinni Gladiator)               Turns: 171, Time: 00:00:41

Health: 17/23      AC:  4    Str: 13    XL:     2   Next: 5%
Gold:   0          EV: 12    Int:  9    God:
                   SH:  0    Dex: 14

rFire   + + .        a - +0 long sword
rCold   x . .        (no shield)
rNeg    . . .        b - +0 leather armour
rPois   ∞            c - +0 helmet
rElec   .            (no cloak)
rCorr   .            (no gloves)
SInv    .            (boots unavailable)
Will    .....        (no amulet)
Stlth   +            f - ring of wizardry
HPRegen 0.23/turn    (no ring)
MPRegen 0.00/turn

%: wizardry (x1)
@: flying
A: sickness immunity, fire resistance 2, cold vulnerability 1, float, innate
caster, HP casting, extra vitality 1
a: no special abilities


You were on level 1 of the Dungeon.
You visited 1 branch of the dungeon, and saw 1 of its levels.

Inventory:

Hand Weapons
 a - a +0 long sword (weapon)
Missiles
 d - 3 throwing nets (quivered)
 e - a javelin
Armour
 b - a +0 leather armour (worn)
 c - a +0 helmet (worn)
Jewellery
 f - a ring of wizardry (left hand)


   Skills:
 + Level 2.1 Fighting
 + Level 2.7 Long Blades
 + Level 1.5 Throwing
 + Level 3.7 Dodging You didn't know any spells. Your spell library was empty.

Dungeon Overview and Level Annotations

Branches:
Dungeon (1/15)

Altars:


Innate Abilities, Weirdness & Mutations

You are immune to sickness and miasma.
You are immune to poison.
Your flesh is very heat resistant. (rF++)
You are vulnerable to cold. (rC-)
You float through the air rather than walking.
You learn spells naturally, not from books.
Your magical power is your life essence.
You have superior vitality. (+4 MHP)


Message History

The kobold shouts!
The endoplasm quivers.
You hear an angry hiss.
You closely miss the kobold. The quokka bites you.
The kobold hits you but does no damage. The quokka closely misses you.
You barely miss the kobold. The quokka closely misses you.
The kobold hits you but does no damage.
You slash the kobold!
You kill the kobold!
The quokka completely misses you.
The quokka bites you but does no damage.
Unknown command.
You closely miss the quokka. The quokka barely misses you.
You barely miss the quokka. The quokka barely misses you. The quokka bites you.
You closely miss the quokka. The quokka misses you.
You closely miss the quokka. The quokka misses you.
The quokka bites you but does no damage.
You slash the quokka!
You kill the quokka!
The endoplasm freezes you.
You are frozen.
You slash the endoplasm!
You kill the endoplasm!
You have reached level 2!
You don't know any spells.
You see here a quokka corpse.
A frilled lizard comes into view.
Found a book of Debilitation.
The frilled lizard misses you.
You miss the frilled lizard. The frilled lizard misses you.
You closely miss the frilled lizard. The frilled lizard closely misses you.
You hit the frilled lizard.
You kill the frilled lizard!
No target in view!
f - a ring of wizardry
f - a ring of wizardry (left hand) Welcome back, Manisian the Djinni Gladiator.
Press ? for a list of commands and other information.
Unknown command.
Unknown command.
Are you sure you want to abandon this character and quit the game? (Confirm with "yes".)

#..## ####..# #.....#
###.#.#.###
#...#.#...#
###.###†###.### #
####...#.)...#...##
###....###.###.###..##
##.....#(.. #..@#...##
##..#..###
#.###.#..#######
##..#....#
...#...##.......#
......#..#
#.###...#........#
....###...[#:
...#...#.###..#
.#......##.#
#..####.#.###..####.
##.####.# .....#
#.#........... ##..
..# #.#.....######
##### #.# #.##....#


There were no monsters in sight!

Vanquished Creatures
  An endoplasm (D:1)
  A goblin (D:1)
  A kobold (D:1)
  A quokka (D:1)
  A frilled lizard (D:1)
  A rat (D:1)
6 creatures vanquished.

Notes
Turn   | Place    | Note
-------+----------+-------------------------------------------
     0 | D:1      | Manisian the Djinni Gladiator began the quest for the Orb.
     0 | D:1      | Reached XP level 1. HP: 18/18 MP: 0/0
   161 | D:1      | Reached XP level 2. HP: 15/23 MP: 0/0
   171 | D:1      | Upgraded the game from 0.30-a0-364-gf6b3ef1049 to
                  | 0.31-a0-145-g046c7d2549
   171 | D:1      | Quit the game

Illustrated notes

Levels and vault maps discovered:
D:1:      eino_arrival_druids_welcome, layout_loops_corners,
          kennysheep_another_room, minmay_quantized

Action                     || total
---------------------------++-------
  Melee: Long sword        ||    20
 Armour: Leather armour    ||     6
  Dodge: Dodged            ||    14

Table legend: (Time is in decaauts)
 A = Elapsed time spent in this place.
 B = Non-inter-level travel time spent in this place.
 C = Inter-level travel time spent in this place.
 D = Time resting spent in this place.
 E = Time spent auto-exploring this place.
 F = Levels seen in this place.
 G = Mean time per level.
                   A        B        C        D        E       F      G
               +--------+--------+--------+--------+--------+-----+--------+
         Total |    175 |    175 |      0 |      0 |    113 |   1 |  175.0 |
       Dungeon |    175 |    175 |      0 |      0 |    113 |   1 |  175.0 |
               +--------+--------+--------+--------+--------+-----+--------+

Top non-repeatable levels by time:
     D:1: 175 daAuts
